Description

VOD

https://youtu.be/7f7fUfPtPdU

Replay - ByuN v Dark: Game 5 - King Sejong Station LE

Build Order

Get SALT Encoding   

  12  0:00  Drone  
  13  0:12  Overlord  
  13  0:17  Drone  
  14  0:30  Drone x2  
  14  0:34  Drone  
  17  0:44  Extractor  
  17  0:45  Drone  
  17  0:49  Spawning Pool  
  16  0:57  Drone  
  17  1:07  Drone  
  18  1:18  Hatchery  
  18  1:20  Drone  
  18  1:27  Drone  
  19  1:36  Queen  
  21  1:41  Zergling x2  
  21  1:46  Metabolic Boost  
  22  1:52  Overlord  
  22  2:11  Queen  
  27  2:30  Queen  
  27  2:34  Overlord  
  33  2:47  Pneumatized Carapace  
  34  2:53  Zergling x2  
  38  3:13  Overlord  
  43  3:29  Hatchery  
  42  3:40  Queen x2  
  51  3:50  Extractor  
  51  3:53  Overlord  
  52  4:09  Evolution Chamber x2  
  56  4:22  Zergling x4  
  56  4:24  Zergling x6  
  61  4:28  Queen  
  63  4:32  Queen  
  63  4:37  Zerg Melee Weapons Level 1  
  65  4:39  Zergling x2  
  65  4:40  Zergling x2  
  65  4:44  Zerg Ground Armor Level 1  
  67  4:49  Baneling Nest  
  67  4:50  Zergling x2  
  70  5:06  Queen  
  82  5:24  Lair  
  82  5:37  Baneling x2  
  92  6:08  Baneling x5  
  94  6:14  Hatchery  
  94  6:15  Extractor  
  94  6:16  Extractor  
  103  6:30  Baneling x3  
  87  7:01  Queen x2  
  87  7:02  Centrifical Hooks  
  101  7:36  Hatchery  
  101  7:55  Zerg Melee Weapons Level 2, Zerg Ground Armor Level 2  
  105  8:09  Extractor  
  119  8:36  Infestation Pit  
  114  9:07  Spore Crawler  
  117  9:11  Spore Crawler  
  117  9:16  Hive  
  144  9:53  Overseer  
Spawning Tool Build Advisor. Get it on Overwolf

Analysis

Go to:

Details

  • Created by: Ebolag
  • Published on: Jan 14, 2017
  • Modified on: Jan 14, 2017
  • Patch: 3.8.0
Show
View Real Time Build Order
Export as new Build Order

Comments (0)

There are no comments. Be the first!

Create an account to comment!